[ PARTIDA AOE2 · #495783199 ]
UnrankedSarracenos vs Britons
Equipo del jugador · DERR
Equipo rival · VICT
[ ANÁLISIS DE REPETICIÓN · EXTRAÍDO DE LA PARTIDA GRABADA ]
Feudal
10:58
Castillos
14:53
Imperial
28:32
| APM promedio | 38.9 |
| APM pico | 78 |
| eAPM promedio | 21.8 |
| Aldeanos / militares | 134 / 119 |
Foco
⚔️ 19.5% · 🌾 80.5%
Scout Cavalry ×107 · Bombard Cannon ×7 · Scorpion ×3 · Mameluke ×1 · Trebuchet (Packed) ×1
Feudal
11:26
Castillos
15:03
Imperial
25:57
| APM promedio | 40.8 |
| APM pico | 107 |
| eAPM promedio | 16.7 |
| Aldeanos / militares | 88 / 95 |
Foco
⚔️ 39.5% · 🌾 60.5%
Longbowman ×58 · Spearman ×31 · Trebuchet (Packed) ×5 · Monk ×1
Mapa de la partida
Recursos iniciales + cada clic de construcción. Líneas = muros · curvas = relieve. ◆ oro · ⬟ piedra · ● bayas · ✦ reliquia · ◌ hueco del cierre
Tu base· ✓ Cerrada en 14:53 · 0t muro · 2 puerta(s)
Base de Dungi· ✓ Cerrada en 15:03 · 8t muro · 5 puerta(s)
Terreno inicial suavizado · ◌ = hueco del cierre detectado · pasá el cursor para detalles
Inputs por minuto
— Morgan Lahaye - - Dungi
Build order — Morgan Lahaye
Primeras 150 de 373 acciones detectadas
| 0:01 | Crear | Villager (Male) ×4 |
| 0:02 | Construir | House |
| 0:03 | Construir | House |
| 1:25 | Crear | Villager (Male) |
| 1:45 | Construir | Lumber Camp |
| 2:06 | Crear | Villager (Male) |
| 2:30 | Crear | Villager (Male) |
| 2:48 | Crear | Villager (Male) |
| 3:09 | Crear | Villager (Male) |
| 3:24 | Construir | House |
| 3:36 | Crear | Villager (Male) |
| 3:55 | Construir | House |
| 4:02 | Crear | Villager (Male) |
| 4:37 | Construir | Mill |
| 4:38 | Crear | Villager (Male) |
| 4:49 | Crear | Villager (Male) |
| 5:23 | Crear | Villager (Male) |
| 5:34 | Crear | Villager (Male) |
| 6:02 | Crear | Villager (Male) |
| 6:20 | Crear | Villager (Male) |
| 6:20 | Crear | Villager (Male) |
| 6:23 | Construir | Mill |
| 6:24 | Crear | Villager (Male) |
| 7:35 | Crear | Villager (Male) |
| 7:35 | Crear | Villager (Male) |
| 8:03 | Construir | Mining Camp |
| 8:40 | Investigar | Feudal Age |
| 9:31 | Construir | House |
| 9:56 | Construir | Farm |
| 9:58 | Construir | Farm |
| 10:05 | Construir | Farm |
| 10:47 | Crear | Villager (Male) |
| 10:48 | Crear | Villager (Male) |
| 10:58 | Edad | Edad Feudal |
| 11:05 | Construir | Market |
| 11:11 | Construir | Blacksmith |
| 11:26 | Construir | Lumber Camp |
| 11:47 | Crear | Villager (Male) |
| 12:03 | Construir | Farm |
| 12:08 | Investigar | Castle Age |
| 12:17 | Construir | House |
| 12:22 | Construir | Farm |
| 12:27 | Investigar | Double-Bit Axe |
| 13:03 | Investigar | Horse Collar |
| 14:42 | Construir | Farm |
| 14:42 | Construir | Farm |
| 14:53 | Edad | Edad de los Castillos |
| 14:57 | Crear | Villager (Male) |
| 14:57 | Crear | Villager (Male) |
| 15:00 | Construir | Town Center |
| 15:04 | Construir | Town Center |
| 15:22 | Construir | Mining Camp |
| 15:30 | Construir | Siege Workshop |
| 15:31 | Crear | Villager (Male) |
| 15:33 | Investigar | Bow Saw |
| 15:34 | Investigar | Heavy Plow |
| 15:41 | Construir | Farm |
| 15:42 | Construir | Farm |
| 15:54 | Crear | Villager (Male) |
| 16:26 | Crear | Villager (Male) |
| 16:29 | Construir | Farm |
| 16:31 | Construir | Farm |
| 16:36 | Construir | Farm |
| 16:41 | Construir | Farm |
| 16:44 | Crear | Villager (Male) |
| 16:55 | Construir | House |
| 16:57 | Construir | House |
| 16:58 | Construir | House |
| 17:01 | Construir | Stone Wall |
| 17:05 | Crear | Villager (Male) |
| 17:12 | Crear | Villager (Male) |
| 17:21 | Construir | Farm |
| 17:22 | Construir | Farm |
| 17:28 | Crear | Villager (Male) |
| 17:49 | Crear | Villager (Male) |
| 17:57 | Crear | Villager (Male) |
| 18:05 | Construir | Farm |
| 18:18 | Construir | Farm |
| 18:22 | Crear | Villager (Male) |
| 18:26 | Crear | Villager (Male) |
| 18:34 | Construir | Farm |
| 18:44 | Crear | Villager (Male) |
| 18:44 | Crear | Villager (Male) |
| 18:52 | Crear | Scorpion |
| 18:57 | Crear | Villager (Male) |
| 19:18 | Construir | Castle |
| 19:25 | Crear | Villager (Male) |
| 19:36 | Crear | Villager (Male) |
| 19:37 | Crear | Villager (Male) |
| 19:54 | Crear | Villager (Male) |
| 19:55 | Crear | Villager (Male) |
| 20:02 | Construir | Town Center |
| 20:10 | Crear | Villager (Male) |
| 20:10 | Crear | Villager (Male) |
| 20:22 | Construir | Farm |
| 20:28 | Crear | Villager (Male) |
| 20:41 | Construir | Farm |
| 20:47 | Crear | Villager (Male) |
| 20:55 | Construir | Farm |
| 21:01 | Investigar | Wheelbarrow |
| 21:03 | Crear | Villager (Male) |
| 21:13 | Construir | Farm |
| 21:15 | Crear | Villager (Male) |
| 21:18 | Construir | Farm |
| 21:19 | Crear | Villager (Male) |
| 21:25 | Construir | Farm |
| 21:26 | Crear | Villager (Male) |
| 21:29 | Construir | Farm |
| 21:37 | Crear | Villager (Male) |
| 21:39 | Construir | House |
| 21:40 | Construir | House |
| 21:41 | Crear | Villager (Male) |
| 21:53 | Construir | Farm |
| 21:55 | Construir | Farm |
| 21:57 | Construir | Farm |
| 22:01 | Construir | Farm |
| 22:20 | Construir | Town Center |
| 22:25 | Construir | Town Center |
| 22:29 | Crear | Villager (Male) |
| 22:29 | Crear | Villager (Male) |
| 22:37 | Construir | Farm |
| 22:39 | Construir | Farm |
| 22:41 | Construir | Farm |
| 22:45 | Crear | Villager (Male) |
| 22:45 | Crear | Villager (Male) |
| 22:50 | Construir | Farm |
| 22:58 | Crear | Villager (Male) |
| 23:00 | Construir | Farm |
| 23:03 | Construir | Farm |
| 23:06 | Crear | Villager (Male) |
| 23:10 | Construir | Farm |
| 23:17 | Construir | Farm |
| 23:21 | Crear | Villager (Male) |
| 23:23 | Crear | Villager (Male) |
| 23:24 | Crear | Villager (Male) |
| 23:27 | Construir | Farm |
| 23:29 | Construir | Farm |
| 23:36 | Crear | Villager (Male) |
| 23:39 | Construir | Farm |
| 23:41 | Construir | Farm |
| 23:44 | Construir | House |
| 23:52 | Construir | Farm |
| 23:53 | Crear | Villager (Male) |
| 23:55 | Construir | Farm |
| 23:56 | Crear | Villager (Male) |
| 24:07 | Construir | Mill |
| 24:08 | Construir | Farm |
| 24:12 | Crear | Villager (Male) ×5 |
| 24:14 | Construir | Farm |
| 24:24 | Construir | Farm |
Build order — Dungi
Primeras 150 de 298 acciones detectadas
| 0:00 | Crear | Villager (Male) |
| 0:00 | Crear | Villager (Male) |
| 0:01 | Crear | Villager (Male) |
| 0:02 | Construir | House |
| 0:03 | Construir | House |
| 0:09 | Crear | Villager (Male) |
| 0:09 | Crear | Villager (Male) |
| 1:18 | Crear | Villager (Male) |
| 1:45 | Crear | Villager (Male) |
| 2:05 | Construir | Lumber Camp |
| 2:06 | Crear | Villager (Male) |
| 2:21 | Crear | Villager (Male) |
| 2:37 | Crear | Villager (Male) |
| 3:06 | Crear | Villager (Male) |
| 3:21 | Crear | Villager (Male) |
| 3:26 | Construir | House |
| 3:56 | Crear | Villager (Male) |
| 4:22 | Construir | House |
| 4:51 | Crear | Villager (Male) |
| 4:58 | Construir | Palisade Gate |
| 5:01 | Construir | Palisade Gate |
| 5:11 | Construir | Palisade Gate |
| 5:20 | Crear | Villager (Male) |
| 5:39 | Crear | Villager (Male) |
| 5:43 | Construir | Palisade Wall |
| 5:51 | Construir | Palisade Wall |
| 6:10 | Construir | Palisade Wall |
| 6:13 | Construir | Palisade Wall |
| 6:14 | Construir | Palisade Wall |
| 6:18 | Construir | Palisade Wall |
| 6:21 | Crear | Villager (Male) |
| 6:40 | Crear | Villager (Male) |
| 7:01 | Construir | Mill |
| 7:10 | Crear | Villager (Male) |
| 7:34 | Crear | Villager (Male) |
| 7:47 | Construir | House |
| 7:57 | Crear | Villager (Male) |
| 8:17 | Construir | Mining Camp |
| 8:22 | Crear | Villager (Male) |
| 8:45 | Crear | Villager (Male) |
| 8:46 | Investigar | Feudal Age |
| 9:12 | Construir | Mining Camp |
| 9:41 | Construir | Farm |
| 11:04 | Crear | Villager (Male) |
| 11:04 | Crear | Villager (Male) |
| 11:26 | Edad | Edad Feudal |
| 11:30 | Construir | Market |
| 11:35 | Construir | Blacksmith |
| 12:23 | Investigar | Castle Age |
| 12:53 | Construir | Farm |
| 13:27 | Investigar | Double-Bit Axe |
| 14:38 | Construir | House |
| 14:50 | Construir | Palisade Wall |
| 15:02 | Crear | Villager (Male) |
| 15:03 | Edad | Edad de los Castillos |
| 15:08 | Construir | Castle |
| 15:25 | Investigar | Loom |
| 15:34 | Crear | Villager (Male) |
| 15:49 | Construir | Palisade Wall |
| 15:51 | Construir | Palisade Gate |
| 15:55 | Construir | Palisade Wall |
| 15:57 | Construir | Palisade Gate |
| 16:00 | Crear | Villager (Male) |
| 16:16 | Construir | Farm |
| 16:17 | Construir | Farm |
| 16:24 | Construir | Mining Camp |
| 16:33 | Construir | Monastery |
| 16:35 | Crear | Villager (Male) |
| 16:53 | Crear | Longbowman |
| 16:56 | Crear | Villager (Male) |
| 16:59 | Construir | House |
| 17:11 | Crear | Longbowman |
| 17:17 | Crear | Monk |
| 17:33 | Crear | Longbowman |
| 17:33 | Crear | Villager (Male) |
| 17:38 | Crear | Longbowman |
| 17:47 | Construir | Farm |
| 17:54 | Investigar | Horse Collar |
| 17:55 | Investigar | Gold Mining |
| 17:57 | Crear | Longbowman |
| 18:04 | Construir | Farm |
| 18:05 | Crear | Longbowman |
| 18:13 | Crear | Villager (Male) |
| 18:39 | Crear | Villager (Male) |
| 18:46 | Construir | Farm |
| 19:00 | Crear | Villager (Male) |
| 19:01 | Crear | Longbowman |
| 19:10 | Construir | Farm |
| 19:10 | Construir | Farm |
| 19:11 | Construir | Farm |
| 19:11 | Construir | Farm |
| 19:11 | Construir | Farm |
| 19:11 | Construir | Farm |
| 19:16 | Crear | Longbowman |
| 19:41 | Crear | Villager (Male) |
| 20:00 | Crear | Villager (Male) |
| 20:04 | Crear | Longbowman |
| 20:13 | Construir | Farm |
| 20:14 | Construir | Farm |
| 20:15 | Construir | Farm |
| 20:17 | Construir | Farm |
| 20:22 | Crear | Villager (Male) |
| 20:49 | Crear | Longbowman |
| 20:59 | Crear | Longbowman |
| 21:20 | Crear | Villager (Male) |
| 21:39 | Crear | Longbowman |
| 21:43 | Crear | Villager (Male) |
| 22:07 | Crear | Villager (Male) |
| 22:19 | Construir | Farm |
| 22:47 | Investigar | Imperial Age |
| 22:49 | Crear | Longbowman |
| 22:57 | Construir | Lumber Camp |
| 23:00 | Crear | Longbowman |
| 23:27 | Investigar | Bow Saw |
| 23:28 | Crear | Longbowman |
| 23:36 | Construir | House |
| 24:13 | Crear | Longbowman |
| 24:17 | Investigar | Fletching |
| 24:21 | Construir | House |
| 24:59 | Crear | Villager (Male) |
| 25:02 | Crear | Longbowman |
| 25:29 | Crear | Villager (Male) |
| 25:40 | Investigar | Bodkin Arrow |
| 25:57 | Edad | Edad Imperial |
| 26:01 | Crear | Trebuchet (Packed) |
| 26:19 | Crear | Trebuchet (Packed) |
| 26:25 | Construir | University |
| 26:28 | Crear | Villager (Male) |
| 26:41 | Crear | Villager (Male) |
| 27:00 | Crear | Villager (Male) |
| 27:35 | Construir | Castle |
| 27:39 | Crear | Villager (Male) |
| 27:43 | Crear | Trebuchet (Packed) |
| 27:54 | Construir | Farm |
| 27:55 | Construir | Farm |
| 27:56 | Construir | Farm |
| 28:04 | Crear | Trebuchet (Packed) |
| 28:09 | Crear | Villager (Male) |
| 28:16 | Construir | House |
| 28:16 | Construir | House |
| 28:23 | Investigar | Chemistry |
| 28:47 | Crear | Villager (Male) |
| 28:50 | Crear | Trebuchet (Packed) |
| 28:58 | Investigar | Conscription |
| 29:31 | Crear | Longbowman |
| 29:31 | Crear | Longbowman |
| 29:50 | Crear | Longbowman |
| 29:53 | Crear | Longbowman |
| 30:18 | Crear | Longbowman |
| 30:27 | Crear | Villager (Male) |
Cronología de la partida
| 5:43 | Dungi · wall_segment Palisade Wall x1 |
| 5:51 | Dungi · wall_segment Palisade Wall x2 |
| 6:10 | Dungi · wall_segment Palisade Wall x1 |
| 6:13 | Dungi · wall_segment Palisade Wall x1 |
| 6:14 | Dungi · wall_segment Palisade Wall x1 |
| 6:18 | Dungi · wall_segment Palisade Wall x1 |
| 10:58 | Morgan Lahaye · age_up feudal |
| 11:26 | Dungi · age_up feudal |
| 12:18 | Dungi · first_market_sell 100 stone |
| 14:50 | Dungi · wall_segment Palisade Wall x1 |
| 14:53 | Morgan Lahaye · age_up castle |
| 15:03 | Dungi · age_up castle |
| 15:08 | Dungi · first_building Castle |
| 15:30 | Morgan Lahaye · first_building Siege Workshop |
| 15:49 | Dungi · wall_segment Palisade Wall x1 |
| 15:55 | Dungi · wall_segment Palisade Wall x1 |
| 16:33 | Dungi · first_building Monastery |
| 17:01 | Morgan Lahaye · wall_segment Stone Wall x1 |
| 17:53 | Dungi · first_market_buy 100 food |
| 19:18 | Morgan Lahaye · first_building Castle |
| 19:59 | Morgan Lahaye · first_market_buy 100 stone |
| 25:15 | Morgan Lahaye · first_market_sell 100 wood |
| 25:57 | Dungi · age_up imperial |
| 27:13 | Morgan Lahaye · first_building Barracks |
| 28:00 | Morgan Lahaye · first_building Stable |
| 28:32 | Morgan Lahaye · age_up imperial |
| 29:10 | Morgan Lahaye · wall_segment Stone Wall x2 |
| 29:13 | Morgan Lahaye · wall_segment Stone Wall x3 |
| 32:33 | Dungi · first_building Barracks |
| 39:09 | Morgan Lahaye · first_building Archery Range |
| 39:41 | Dungi · first_building Stable |
| 41:47 | Morgan Lahaye · resign |
[ ANÁLISIS IA · 1 CRÉDITO ]
¿Qué pasó realmente en esta partida?
Wolo.gg analiza cada decisión: build order, eco, micro, errores típicos por bracket. Análisis personalizado por WhatsApp o Discord en 30 segundos.
Guía civ
Sarracenos
Perfil
Morgan Lahaye